 Dungeon Crawl Stone Soup version 0.22.1-2-g9c5b331 (webtiles) character file.

2775 HoaS the Grappler (level 9, -3/59 HPs)
             Began as a Gargoyle Berserker on Dec 28, 2018.
             Was a Priest of Trog.
             Slain by a skeletal warrior
             ... wielding a +0 war axe
              (14 damage)
             ... on level 7 of the Dungeon.
             The game lasted 00:18:44 (5640 turns).

HoaS the Grappler (Gargoyle Berserker)              Turns: 5640, Time: 00:18:45

Health: -3/59      AC: 28    Str: 23    XL:     9   Next: 70%
Magic:  3/9        EV: 12    Int:  8    God:    Trog [***...]
Gold:   262        SH:  0    Dex: 15    Spells: 8/8 levels left

rFire    . . .     SeeInvis .     - Unarmed
rCold    . . .     Gourm    .   (no shield)
rNeg     + . .     Faith    .   z - +0 plate armour
rPois    ∞         Spirit   .   o - +1 helmet
rElec    +         Reflect  .   A - +0 cloak
rCorr    +         Harm     .   j - +2 pair of gloves
MR       ++...                  q - +0 pair of boots
Stlth    ..........             (no amulet)
HPRegen  1.19/turn              s - ring of resist corrosion
MPRegen  0.11/turn              (no ring)

@: agile, berserk cooldown, regenerating, slowed, very slow
A: negative energy resistance 1, electricity resistance, unbreathing,
petrification resistance, rot immunity, AC +6
a: Berserk, Trog's Hand, Renounce Religion


You were on level 7 of the Dungeon.
You worshipped Trog.
Trog was most pleased with you.
You were near starving.

You visited 1 branch of the dungeon, and saw 7 of its levels.

You collected 405 gold pieces.
You spent 143 gold pieces at shops.

Inventory:

Armour
 j - a +2 pair of gloves (worn)
 o - a +1 helmet (worn)
 q - a +0 pair of boots (worn)
 z - a +0 plate armour (worn)
 A - a +0 cloak (worn)
Jewellery
 s - a ring of resist corrosion (left hand)
Wands
 p - a wand of flame (34)
 r - a wand of paralysis (5)
 t - a wand of disintegration (7)
Scrolls
 d - a scroll of fear {unknown}
 e - a scroll of identify
 f - a scroll of teleportation
 k - 3 scrolls of remove curse
 y - a scroll of immolation
Potions
 a - a potion of agility
 c - 3 potions of curing
 g - 2 potions of mutation
 h - a potion of berserk rage
 i - a potion of haste
 l - a potion of flight {unknown}
 m - a potion of brilliance {unknown}
 n - 2 potions of heal wounds {unknown}
 u - 2 potions of lignification {unknown}
 v - a potion of might
 w - a potion of invisibility {unknown}
Comestibles
 b - 8 rations
 x - 13 chunks of flesh


   Skills:
 + Level 7.8 Fighting
 + Level 7.4 Armour
 - Level 1.5 Dodging
 * Level 9.7 Unarmed Combat


You had 8 spell levels left.
You didn't know any spells.
Your spell library was empty.

Dungeon Overview and Level Annotations

Branches:
Dungeon (7/15)             Temple (0/1) D:6

Altars:
Elyvilon
Gozag
Makhleb
Wu Jian

Shops:
D:4 !   D:7 (


Innate Abilities, Weirdness & Mutations

You are resistant to torment.
Your stone body is resilient. (AC +6)
You are immune to poison.
You resist negative energy. (rN+)
You are resistant to electric shocks. (rElec)
You can survive without breathing.
You are immune to petrification.
You are immune to rotting.


Message History

You hit the skeletal warrior.
The skeletal warrior is lightly damaged.
The skeletal warrior hits you but does no damage. x2
You barely miss the skeletal warrior.
The skeletal warrior is lightly damaged.
The skeletal warrior closely misses you.
The skeletal warrior hits you from afar with a halberd!
* * * LOW HITPOINT WARNING * * *
You barely miss the skeletal warrior.
The skeletal warrior is lightly damaged.
The skeletal warrior hits you but does no damage. x2
You hit the skeletal warrior.
The skeletal warrior is lightly damaged.
The skeletal warrior hits you but does no damage.
The skeletal warrior hits you from afar with a halberd!
* * * LOW HITPOINT WARNING * * *
You barely miss the skeletal warrior.
The skeletal warrior is lightly damaged.
The skeletal warrior hits you with a war axe!
You die...

###.# #.# # #.# ########
###.######[.....## #####
.................## ....#
##....##..........# ##.....
...##..)..........# #...!..
##................#########......
##.#####........@zz........).....
..................##########.....
.................## .....
........(.........# .....
..................# ?....
..................#


zz... ########..........# #...# #..........# #### ##........## You could see 2
skeletal warriors.

Vanquished Creatures
  A skeletal warrior (D:7)
  A centaur skeleton (D:5)
  A water moccasin (D:5)
  2 orc warriors (D:6)
  An ogre (D:7)
  2 centaurs (D:6)
  2 bullfrogs
  A gnoll sergeant (D:6)
  A scorpion (D:6)
  6 killer bees (D:7)
  4 wights (D:6)
  2 jellies
  A quasit (D:6)
  2 hounds
  5 orc priests
  An iguana (D:6)
  Jessica (D:2)
  4 orc wizards
  2 worker ants
  A hound skeleton (D:5)
  Robin (D:3)
  11 gnolls
  4 adders
  An ooze (D:2)
  An adder zombie (D:5)
  An adder skeleton (D:7)
  2 worms (D:2)
  17 orcs
  4 giant cockroaches
  13 goblins
  13 hobgoblins
  9 jackals
  A quokka (D:6)
  A ball python (D:1)
  4 bats
  4 frilled lizards
  A jackal skeleton (D:5)
  3 kobolds
  A leopard gecko skeleton (D:4)
  5 rats
138 creatures vanquished.

Notes
Turn   | Place    | Note
-------+----------+-------------------------------------------
     0 | D:1      | HoaS the Gargoyle Berserker began the quest for the Orb.
     0 | D:1      | Reached XP level 1. HP: 14/14 MP: 1/1
   246 | D:1      | Reached XP level 2. HP: 17/19 MP: 2/2
   406 | D:1      | Reached XP level 3. HP: 19/23 MP: 3/3
  1164 | D:2      | Reached skill level 4 in Unarmed Combat
  1344 | D:2      | Reached ** piety under Trog
  1344 | D:2      | Reached XP level 4. HP: 26/29 MP: 4/4
  1631 | D:2      | Noticed Jessica
  1641 | D:2      | Killed Jessica
  1806 | D:2      | Reached XP level 5. HP: 24/33 MP: 5/5
  2140 | D:3      | Noticed Robin
  2153 | D:3      | Killed Robin
  2791 | D:3      | Found an opulent altar of Gozag.
  3102 | D:4      | Found Cean's Distillery.
  3110 | D:4      | Bought a potion of agility for 52 gold pieces
  3110 | D:4      | Bought a potion of might for 52 gold pieces
  3110 | D:4      | Bought a potion of curing for 39 gold pieces
  3446 | D:5      | Entered Level 5 of the Dungeon
  3563 | D:5      | Reached skill level 5 in Unarmed Combat
  3628 | D:5      | Reached XP level 6. HP: 38/39 MP: 6/6
  3645 | D:5      | Reached skill level 5 in Fighting
  3645 | D:5      | Reached skill level 6 in Unarmed Combat
  3645 | D:5      | Reached XP level 7. HP: 39/44 MP: 7/7
  3833 | D:5      | Paralysed by an orc for 4 turns
  3874 | D:5      | Reached *** piety under Trog
  4099 | D:6      | Reached skill level 5 in Armour
  4222 | D:6      | Found a staircase to the Ecumenical Temple.
  4230 | D:6      | Reached XP level 8. HP: 50/51 MP: 8/8
  4241 | D:6      | Reached skill level 7 in Unarmed Combat
  4820 | D:6      | Found a burning altar of Makhleb.
  4848 | D:6      | Reached skill level 8 in Unarmed Combat
  4872 | D:6      | Found a white marble altar of Elyvilon.
  4929 | D:6      | Found an ornate altar of the Wu Jian Council.
  5200 | D:6      | Reached XP level 9. HP: 53/56 MP: 9/9
  5454 | D:7      | Reached skill level 9 in Unarmed Combat
  5527 | D:7      | Found Ehiujuvu's Weapon Shop.
  5602 | D:7      | Noticed a skeletal warrior
  5621 | D:7      | Killed a skeletal warrior
  5622 | D:7      | Noticed a skeletal warrior
  5622 | D:7      | Noticed a skeletal warrior
  5640 | D:7      | Slain by a skeletal warrior

Skill      XL: |  1  2  3  4  5  6  7  8  9 |
---------------+----------------------------+-----
Unarmed Combat | 4 5 6 8 9 |  9.7
Armour         | 3 4 5 6 7 |  7.4
Fighting       | 4 5 6 7 |  7.8
Dodging        | |  1.5

Action                   |  1- 3 |  4- 6 |  7- 9 || total
-------------------------+-------+-------+-------++-------
Melee: Unarmed           |   122 |   199 |   340 ||   661
       Punch             |     2 |     4 |    11 ||    17
Invok: Berserk           |     1 |       |     2 ||     3
       Trog's Hand       |       |     1 |     5 ||     6
Evoke: Wand              |       |       |     3 ||     3
  Use: Scroll            |       |    10 |     3 ||    13
       Potion            |       |       |     1 ||     1
  Eat: Chunk             |     2 |     8 |     9 ||    19
Armor: Animal skin       |    39 |    43 |       ||    82
       Chain mail        |       |    27 |    60 ||    87
       Leather armour    |       |     2 |       ||     2
       Plate armour      |       |       |   169 ||   169
Dodge: Dodged            |    90 |    89 |   115 ||   294
